 Dungeon Crawl Stone Soup version 0.28-a0-895-g6e5f11bd55 (webtiles) character file.

Game seed: 10158300587647575328

28 patchburns1 the Shield-Bearer (level 3, 0/33 HPs)
             Began as a Minotaur Fighter on Nov 23, 2021.
             Succumbed to Crazy Yiuf's poison
             ... on level 2 of the Dungeon.
             The game lasted 00:06:29 (1054 turns).

patchburns1 the Shield-Bearer (Minotaur Fighter)    Turns: 1054, Time: 00:06:30

Health: 0/33       AC:  7    Str: 20    XL:     3   Next: 0%
Magic:  2/2        EV:  9    Int:  6    God:
Gold:   28         SH:  4    Dex:  9    Spells: 2/2 levels left

rFire   . . .      SeeInvis .   a - +0 trident
rCold   . . .      Faith    .   c - +0 buckler
rNeg    . . .      Spirit   .   b - +0 scale mail
rPois   .          Reflect  .   (helmet restricted)
rElec   .          Harm     .   (no cloak)
rCorr   .          Rampage  .   (no gloves)
Will    .....                   (no boots)
Stlth   ..........              (no amulet)
HPRegen 0.11/turn               (no ring)
MPRegen 0.08/turn               (no ring)

@: lethally poisoned (0 -> -2)
A: horns 2, retaliatory headbutt
a: no special abilities


You were on level 2 of the Dungeon.
You visited 1 branch of the dungeon, and saw 2 of its levels.

You collected 48 gold pieces.
You spent 20 gold pieces at shops.

Inventory:

Hand Weapons
 a - a +0 trident (weapon)
 l - a +0 dagger of draining
Missiles
 e - 62 stones (quivered)
 f - 9 bolts
 g - 3 boomerangs
 h - 18 arrows
Armour
 b - a +0 scale mail (worn)
 c - a +0 buckler (worn)
Jewellery
 o - an amulet of the acrobat
Scrolls
 m - a scroll of noise {unknown}
 n - a scroll of vulnerability {unknown}
Potions
 d - a potion of might
 i - a potion of haste
 j - a potion of resistance {unknown}
 k - a potion of curing {unknown}


   Skills:
 * Level 4.0 Fighting
 * Level 2.8 Polearms
 + Level 0.4 Slings
 * Level 4.0 Armour
 + Level 0.3 Dodging
 * Level 4.0 Shields
 + Level 0.2 Evocations


You had 2 spell levels left.
You didn't know any spells.
Your spell library contained the following spells:

 Spells                   Type           Power      Damage    Failure   Level
 Foxfire                  Conj/Fire      0%         2x1d4     80%         1
 Summon Small Mammal      Summ           0%         N/A       80%         1
 Call Canine Familiar     Summ           0%         N/A       99%         3
 Conjure Flame            Conj/Fire      0%         6-21      99%         3
 Inner Flame              Hex/Fire       0%         N/A       99%         3
 Summon Guardian Golem    Hex/Summ       0%         N/A       99%         3
 Flame Wave               Conj/Fire      0%         3d3       100%        4


Dungeon Overview and Level Annotations

Branches:
Dungeon (2/15)

Altars:

Shops:
D:1 ?

Annotations:
D:2 Crazy Yiuf


Innate Abilities, Weirdness & Mutations

You have a pair of horns on your head.
You reflexively headbutt those who attack you in melee.


Message History

The ball python constricts you.
You see here a +0 robe.
You puncture the ball python!
You kill the ball python!
Your Armour skill increases to level 4!
You have reached level 3!
Your experience leads to an increase in your attributes!
Increase (S)trength, (I)ntelligence, or (D)exterity?
You feel clever.
Found a mace.
Found two maces.
You see here a +0 mace.
You see here a +0 mace.
Found seven maces.
Found a runed translucent door.
You see here a +0 mace.
Found a mace.
Crazy Yiuf shouts!
You see here a +0 mace.
You see here a +0 mace.
Found two maces and a runed mace.
You see here a +0 mace.
You open the door. You closely miss Crazy Yiuf.
Your headbutt misses Crazy Yiuf.
Crazy Yiuf hits you with a +2 quarterstaff of chaos!
You are poisoned.
You barely miss Crazy Yiuf.
You feel sick.
Crazy Yiuf hits you with a +2 quarterstaff of chaos.
You puncture Crazy Yiuf! Your headbutt misses Crazy Yiuf.
Crazy Yiuf is heavily wounded.
You feel sick. Crazy Yiuf barely misses you.
Crazy Yiuf says, "Buddy hog chair!"
Crazy Yiuf barely misses you.
You closely miss Crazy Yiuf.
Crazy Yiuf is heavily wounded.
You feel sick.
Crazy Yiuf hits you with a +2 quarterstaff of chaos!
* * * LOW HITPOINT WARNING * * *
Crazy Yiuf freezes you.
* * * LOW HITPOINT WARNING * * *
You die...

### ♣♣#### #)))#♣♣ ♣♣P.#.##
####### #.))g)♣♣♣♣.P....#
......# #)))#♣@)♣)P.....#
#####.# ### ♣♣♣)♣)P.##.# #.#
♣♣♣♣♣###.####### ####.###
#.......# #......## #####
####.####.#
#.#.###.######.#.#####.##[###
#.#.# #.....................#
##.#.###.####)....#####.##.#.#
.........# ##....#####.##.#.#


You could see Crazy Yiuf.

Vanquished Creatures
  A worm (D:2)
  2 bats
  4 endoplasms (D:1)
  2 goblins (D:1)
  4 hobgoblins (D:1)
  3 jackals (D:1)
  A kobold (D:2)
  2 ball pythons
  A frilled lizard (D:1)
  A rat (D:1)
21 creatures vanquished.

Vanquished Creatures (others)
  A plant (D:1)
1 creature vanquished.

Grand Total: 22 creatures vanquished

Notes
Turn   | Place    | Note
-------+----------+-------------------------------------------
     0 | D:1      | patchburns1 the Minotaur Fighter began the quest for the
                  | Orb.
     0 | D:1      | Reached XP level 1. HP: 19/19 MP: 0/0
   294 | D:1      | Reached XP level 2. HP: 27/27 MP: 1/1
   661 | D:1      | Found Atiqit's Magic Scroll Shop.
   665 | D:1      | Bought a scroll of identify for 20 gold pieces
  1034 | D:2      | Reached XP level 3. HP: 33/33 MP: 2/2
  1045 | D:2      | Found a runed translucent door.
  1046 | D:2      | Noticed Crazy Yiuf
  1053 | D:2      | HP: 1/33 [Crazy Yiuf (3)]
  1054 | D:2      | Succumbed to Crazy Yiuf's poison

Illustrated notes

Levels and vault maps discovered:
D:1:      minmay_arrival_loop, layout_basic, serial_shops, shop,
          chequers_big_river
D:2:      minmay_angry_zag, layout_loops_corners, serial_glass, glass_columns_c,
          glass_columns_b, glass_columns_b, glass_columns_a, uniq_jessica,
          uniq_crazy_yiuf_cottage

Skill      XL: |  1  2 |
---------------+-------+-----
Shields        | 4 |  4.0
Fighting       | 4 |  4.0
Armour         | 4 |  4.0
Polearms       | |  2.8
Slings         | |  0.4
Dodging        | |  0.3
Evocations     | |  0.2

Action                   || total
-------------------------++-------
Melee: Trident           ||    51
       Headbutt          ||     4
Throw: Stone             ||     2
  Use: Scroll            ||     1
Armor: Scale mail        ||    16
Dodge: Dodged            ||    10
Block: Buckler           ||     8

Table legend: (Time is in decaauts)
 A = Elapsed time spent in this place.
 B = Non-inter-level travel time spent in this place.
 C = Inter-level travel time spent in this place.
 D = Time resting spent in this place.
 E = Time spent auto-exploring this place.
 F = Levels seen in this place.
 G = Mean time per level.
                   A        B        C        D        E       F      G
               +--------+--------+--------+--------+--------+-----+--------+
         Total |   1077 |   1036 |     41 |      0 |    649 |   2 |  538.5 |
       Dungeon |   1077 |   1036 |     41 |      0 |    649 |   2 |  538.5 |
               +--------+--------+--------+--------+--------+-----+--------+

Top non-repeatable levels by time:
     D:1: 886 daAuts
     D:2: 191 daAuts
